 Dungeon Crawl Stone Soup version 0.29.1-15-g9cfb28693d (webtiles) character file.

Game seed: 7484009744205331416

749 hawla the Chiller (level 8, -12/58 HPs)
             Began as a Meteoran Ice Elementalist on Apr 13, 2023.
             Was an Initiate of Vehumet.
             Mangled by a yak (14 damage)
             ... on level 8 of the Dungeon.
             The game lasted 00:08:14 (1615 turns).

hawla the Chiller (Meteoran Ice Elementalist)       Turns: 1615, Time: 00:08:15

Health: -12/58     AC:  2    Str:  9    XL:     8   Next: 27%
Magic:  16/16      EV: 13    Int: 18    God:    Vehumet [......]
Gold:   167        SH:  0    Dex: 16    Spells: 9/17 levels left

rFire   . . .      SeeInvis +   l - staff of earth
rCold   . . .      Faith    .   (no shield)
rNeg    . . .      Spirit   .   a - +0 robe
rPois   .          Reflect  .   (no helmet)
rElec   .          Harm     .   (no cloak)
rCorr   .          Rampage  .   (no gloves)
Will    +....                   (no boots)
Stlth   +.........              d - amulet of the acrobat
HPRegen 0.19/turn               m - ring of see invisible
MPRegen 0.15/turn               (no ring)

@: glowing
A: sense surroundings 1, otherworldly, glowing, explore regen
a: Renounce Religion


You were on level 8 of the Dungeon.
You worshipped Vehumet.
Vehumet was noncommittal.
You visited 2 branches of the dungeon, and saw 9 of its levels.

You collected 167 gold pieces.

Inventory:

Armour
 a - a +0 robe (worn)
Magical Staves
 l - a staff of earth (weapon)
Jewellery
 d - an amulet of the acrobat (around neck)
 m - a ring of see invisible (left hand)
Wands
 n - a wand of polymorph (9) (quivered)
Potions
 c - a potion of brilliance
 h - a potion of berserk rage {unknown}


   Skills:
 + Level 0.5 Fighting
 + Level 3.0 Dodging
 - Level 1.4 Stealth
 + Level 5.1 Spellcasting
 + Level 5.7 Conjurations
 + Level 5.9 Ice Magic
 + Level 3.0 Earth Magic
 + Level 3.0 Evocations


You had 9 spell levels left.
You knew the following spells:

 Your Spells              Type           Power      Damage    Failure   Level
a - Freeze                Ice            100%       1d11      1%          1
b - Frozen Ramparts       Ice            50%        1d8       3%          3
c - Hailstorm             Conj/Ice       25%        3d7       12%         4

Your spell library contained the following spells:

 Spells                   Type           Power      Damage    Failure   Level
 Ozocubu's Armour         Ice            25%        N/A       3%          3
 Static Discharge         Conj/Air       14%        3-5/arc   6%          2
 Sticky Flame             Conj/Fire      14%        2d4       38%         4
 Dispel Undead            Necr           4%         3d7       78%         4


Dungeon Overview and Level Annotations

Branches:
Dungeon (8/15) Zot: 3233   Temple (1/1) D:4 Zot: 544
   Lair: D:8-11

Altars:
Kikubaaqudgha
Nemelex Xobeh
Okawaru
Ru
Sif Muna
Vehumet
Wu Jian
Yredelemnul


Innate Abilities, Weirdness & Mutations

You passively map a small area around you.
You are easily found by Zot.
You glow in the dark.
You regain HP and MP as you explore.


Message History

You are blasted with magical energy!
The wall freezes the yak.
The wall freezes the yak but does no damage.
Unknown command.
Casting: Hailstorm (dangerous; 12% risk of failure)
Confirm with . or Enter, or press ? or * to list all spells.
Casting: Hailstorm (dangerous; 12% risk of failure)
Press: ? - help, Dir - look around, f - activate A cannonade of hail descends around you!
The hail pelts the yak.
The yak is moderately wounded.
The hail pelts the yak!
The yak is heavily wounded.
The hail pelts the yak!
The yak is moderately wounded.
The wall freezes the yak. x3
Unknown command.
Casting: Hailstorm (dangerous; 12% risk of failure)
Confirm with . or Enter, or press ? or * to list all spells.
Casting: Hailstorm (dangerous; 12% risk of failure)
Press: ? - help, Dir - look around, f - activate A cannonade of hail descends around you!
The hail pelts the yak!
The yak is almost dead.
The hail pelts the yak!
The yak is heavily wounded.
The wall freezes the yak. x3
Unknown command.
You aren't carrying any scrolls.
It was a potion of cancellation.
Your magical effects are unravelling.
You feel magically purged.
Your magical contamination has completely faded away.
The frozen ramparts melt away.
The yak barely misses you. The yak gores you!
* * * LOW HITPOINT WARNING * * *
Magic courses through your body.
An orc wizard comes into view. It is wielding a +0 dagger.
The yak gores you!
* * * LOW HITPOINT WARNING * * *
The yak gores you!
You die...

, , * * , * ***
* , , ##### ** *
* ######...... ,
* #(..<.......
*,
#.###.####..####
, , #,
#...........# ,
#..#####.####[.#
* ,
#...Y@..........
, *
#..Y#Y#######..#
, #.. #Y# * , #.
)Y# .. ,...# * ,
, .. ..... *, ,
, . ...### * , ,
, ..o.* * * * ,,
,


You could see 5 yaks and an orc wizard.

Vanquished Creatures
  A wyvern (D:8)
  A sky beast (D:4)
  An ogre (D:4)
  Blork the orc (D:4)
  2 necrophages (D:4)
  A scorpion (D:4)
  2 hounds
  Ijyb (D:4)
  An iguana (D:5)
  A gnoll (D:2)
  An adder (D:2)
  2 worms (D:4)
  4 orcs
  A bat (D:1)
  6 endoplasms
  3 giant cockroaches
  2 goblins
  2 jackals (D:1)
  5 kobolds
  A quokka (D:1)
  4 ball pythons
  A frilled lizard (D:3)
  2 rats
  A butterfly (D:4)
47 creatures vanquished.

Notes
Turn   | Place    | Note
-------+----------+-------------------------------------------
     0 | D:1      | hawla the Meteoran Ice Elementalist began the quest for the
                  | Orb.
     0 | D:1      | Reached XP level 1. HP: 14/14 MP: 5/5
    67 | D:1      | Reached XP level 2. HP: 15/20 MP: 1/6
   213 | D:2      | Reached skill level 5 in Ice Magic
   213 | D:2      | Reached XP level 3. HP: 7/26 MP: 3/8
   217 | D:2      | Learned a level 3 spell: Frozen Ramparts
   423 | D:2      | Reached XP level 4. HP: 27/33 MP: 3/10
   729 | D:4      | Noticed a sky beast
   736 | D:4      | Killed a sky beast
   737 | D:4      | Reached XP level 5. HP: 29/39 MP: 4/12
   761 | D:4      | Learned a level 4 spell: Hailstorm
   829 | D:4      | Reached XP level 6. HP: 29/46 MP: 6/13
   848 | D:4      | Noticed an ogre
   853 | D:4      | Killed an ogre
   854 | D:4      | Reached XP level 7. HP: 49/51 MP: 6/14
   978 | D:4      | Noticed Blork the orc
   985 | D:4      | Killed Blork the orc
   986 | D:4      | Reached skill level 5 in Conjurations
   989 | D:4      | Found a staircase to the Ecumenical Temple.
   998 | Temple   | Entered the Ecumenical Temple
  1045 | Temple   | Became a worshipper of Vehumet
  1203 | D:4      | Reached skill level 5 in Spellcasting
  1235 | D:4      | Noticed Ijyb
  1240 | D:4      | Killed Ijyb
  1321 | D:4      | Found a sparkling altar of Nemelex Xobeh.
  1442 | D:5      | Entered Level 5 of the Dungeon
  1462 | D:5      | Reached skill level 1 in Earth Magic
  1462 | D:5      | Reached skill level 1 in Evocations
  1567 | D:7      | Reached XP level 8. HP: 51/58 MP: 16/16
  1585 | D:8      | Noticed a wyvern
  1597 | D:8      | Killed a wyvern
  1606 | D:8      | Noticed a yak
  1606 | D:8      | Noticed a yak
  1606 | D:8      | Noticed a yak
  1606 | D:8      | Noticed a yak
  1609 | D:8      | Noticed a yak
  1609 | D:8      | Noticed a yak
  1615 | D:8      | HP: 2/58 [yak (12)]
  1615 | D:8      | Mangled by a yak

Illustrated notes

Levels and vault maps discovered:
D:1:      ncdulo_smallfort, layout_basic, shapermc_ecumenical_altar_flowoftime,
          chequers_garden, minmay_misc_feat_diagonals
D:2:      layout_loops_ring, chequers_serial_rivers_marsh
D:3:      layout_basic, lemuel_coloured_pillars_altar, uniq_grinder
D:4:      layout_loops_ring, nemelex_dance_club_becter,
          minmay_temple_entry_butterflies, uniq_blork_the_orc, uniq_ijyb
D:5:      layout_loops_ring, kennysheep_mini
D:6:      layout_basic, nicolae_dithmenos_shadow_blocks, lightli_temple_of_fire,
          slow_altar_1, nicolae_hepliaklqana_hazy_memory,
          mainiacjoe_overflow_surrounded_room, portal_sewer_entry_b,
          minmay_diced_spiral, uniq_prince_ribbit1, uniq_maggie, uniq_pikel
D:7:      corexii_shantytown, layout_cave_pools
D:8:      layout_loops_ring, zin_statuary, gammafunk_ghost_ooze, st_stairs_3
Temple:   nicolae_temple_little_seven

Skill      XL: |  1  2  3  4  5  6  7  8 |
---------------+-------------------------+-----
Spellcasting   | 3 4 5 |  5.1
Ice Magic      | 5 |  5.9
Conjurations   | 2 4 5 |  5.7
Dodging        | 3 |  3.0
Earth Magic    | 1 3 |  3.0
Evocations     | 1 3 |  3.0
Fighting       | |  0.5
Stealth        | |  1.4

Action                   |  1- 3 |  4- 6 |  7- 9 || total
-------------------------+-------+-------+-------++-------
Melee: Unarmed           |     5 |     5 |    12 ||    22
       Staff             |       |       |    27 ||    27
       Punch             |       |       |     1 ||     1
 Cast: Freeze            |    34 |    17 |    17 ||    68
       Frozen Ramparts   |       |     6 |    11 ||    17
       Hailstorm         |       |     1 |     6 ||     7
  Use: Scroll            |       |     4 |     5 ||     9
       Potion            |       |       |     2 ||     2
Armor: Robe              |     7 |     7 |     9 ||    23
       Skin              |       |       |     2 ||     2
Dodge: Dodged            |    21 |     7 |    30 ||    58
